Map: Hardwire LE

Players

TIME (Oliveira)

  • Race: Terran Terran

LiquidMaNa (MaNa) - Winner!

  • Race: Protoss Protoss

Event: TSL 8

VOD

Have the link to the VOD?

Description

Time

  • Played on: Nov. 28, 2021, 10:10 a.m.
  • Length: 19:56

All games in this series

Show
View Real Time Build Order
Export as new Build Order

TIME Terran 

Build Orders: Reaper Expand 

Get SALT Encoding   

  12  0:00  SCV  
  13  0:13  SCV  
  14  0:17  Supply Depot  
  14  0:25  SCV  
  15  0:39  SCV  
  15  0:41  Barracks  
  16  0:44  Refinery  
  16  0:51  SCV  
  17  1:03  SCV  
  18  1:15  SCV  
  19  1:29  Reaper, Orbital Command  
  20  1:40  Command Center  
  20  1:47  Supply Depot  
  20  1:54  SCV  
  20  2:01  Marine  
  22  2:07  SCV  
  23  2:09  Factory  
  23  2:14  Bunker  
  23  2:19  SCV  
  23  2:21  Barracks Reactor  
  24  2:26  Refinery  
  24  2:31  SCV  
  25  2:43  SCV  
  26  2:52  Orbital Command  
  26  2:53  Hellion  
  26  2:57  Starport, SCV  
  29  3:01  Marine  
  29  3:03  Marine  
  31  3:09  SCV  
  32  3:15  Widow Mine  
  32  3:19  SCV, Marine  
  36  3:21  Marine  
  38  3:27  SCV  
  38  3:28  Supply Depot  
  38  3:31  SCV  
  39  3:36  Widow Mine  
  39  3:38  Viking  
  44  3:41  SCV  
  44  3:42  Marine  
  44  3:43  SCV  
  46  3:50  Marine  
  46  3:51  Supply Depot  
  46  3:53  SCV  
  49  3:55  SCV  
  49  4:02  Barracks  
  47  4:04  Marine  
  47  4:06  SCV  
  47  4:07  SCV  
  48  4:11  Barracks  
  48  4:13  Factory Tech Lab  
  48  4:14  Starport Tech Lab  
  48  4:18  SCV  
  48  4:19  SCV  
  50  4:24  Marine  
  50  4:30  SCV  
  52  4:32  SCV, Engineering Bay  
  52  4:33  Marine  
  54  4:41  Supply Depot  
  54  4:42  SCV, Factory Reactor  
  54  4:44  SCV, Marine, Starport Reactor  
  57  4:54  SCV  
  57  4:56  SCV  
  57  4:57  Stimpack, Marine  
  60  5:00  Terran Infantry Weapons Level 1  
  60  5:03  Supply Depot x2  
  60  5:04  Combat Shield, Marine x2  
  60  5:06  SCV  
  60  5:07  Marine  
  63  5:08  SCV  
  65  5:14  Refinery, Marine  
  65  5:18  SCV  
  65  5:20  Widow Mine, SCV  
  70  5:24  Marine x2  
  70  5:25  Widow Mine, Supply Depot  
  74  5:29  Marine  
  74  5:30  Medivac x2  
  79  5:37  Marauder, Supply Depot  
  81  5:43  Widow Mine  
  81  5:44  Marine  
  81  5:46  Widow Mine, Marine  
  81  5:47  Marauder  
  87  5:57  SCV  
  87  6:00  SCV  
  87  6:01  Refinery  
  87  6:02  Command Center  
  89  6:09  Medivac x2  
  93  6:15  Marauder x2  
  93  6:18  SCV  
  94  6:19  Marine  
  94  6:23  Widow Mine x2  
  94  6:25  Supply Depot, SCV  
  98  6:29  Marine  
  99  6:36  Marine x2  
  99  6:37  Barracks  
  99  6:38  Barracks  
  99  6:43  SCV  
  99  6:44  Marine  
  99  6:46  SCV  
  102  6:47  Marine  
  101  6:54  Marauder  
  101  6:56  SCV  
  101  6:58  SCV  
  101  7:00  Viking x2  
  109  7:06  Terran Infantry Armor Level 1  
  109  7:08  SCV  
  106  7:12  Siege Tank  
  106  7:14  Marine x2  
  106  7:15  SCV  
  112  7:20  Marauder, SCV, Marine  
  116  7:24  Supply Depot  
  116  7:26  Barracks Tech Lab x2  
  116  7:27  SCV  
  117  7:32  SCV  
  117  7:35  Viking  
  120  7:39  SCV, Orbital Command  
  121  7:44  SCV  
  121  7:46  Supply Depot  
  121  7:47  Siege Tank  
  121  7:48  Marauder x2, Supply Depot  
  121  7:49  Marauder  
  121  7:51  Concussive Shells, Marine x2  
  133  8:08  SCV x3, Viking  
  133  8:09  Viking  
  133  8:10  Supply Depot  
  133  8:11  Marauder  
  142  8:15  Armory  
  142  8:16  Refinery x2, Engineering Bay  
  140  8:20  Supply Depot, SCV x3  
  140  8:22  Marauder x2  
  147  8:28  Bunker  
  147  8:32  Marauder, SCV x2, Siege Tank  
  147  8:33  Supply Depot  
  153  8:43  Marauder x2, Viking x2  
  153  8:46  SCV x2  
  163  8:54  SCV  
  163  8:55  Marauder  
  166  9:01  Supply Depot  
  166  9:07  Terran Infantry Weapons Level 2, Terran Infantry Armor Level 2  
  166  9:10  Command Center  
  166  9:11  Marauder  
  166  9:12  Ghost Academy  
  166  9:14  Marine x2  
  166  9:15  Marine  
  173  9:22  Marine  
  174  9:24  Marine  
  174  9:27  Barracks  
  174  9:28  Barracks  
  174  9:29  Barracks  
  173  9:32  Medivac, Siege Tank  
  173  9:33  Medivac  
  173  9:37  Marauder, Marine  
  181  9:51  Marine x2  
  181  9:53  Marine  
  181  9:56  Marauder  
  179  10:01  Marine  
  179  10:02  Marauder, Marine  
  179  10:04  Enhanced Shockwaves  
  181  10:08  Supply Depot  
  181  10:09  Supply Depot  
  174  10:14  Siege Tank  
  174  10:15  Viking x2  
  174  10:17  Ghost  
  174  10:18  SCV x2  
  180  10:21  Ghost  
  180  10:28  SCV  
  180  10:29  Missile Turret  
  180  10:37  Barracks Reactor, Barracks Tech Lab  
  180  10:38  Missile Turret, Barracks Tech Lab, Drilling Claws  
  180  10:40  Ghost  
  180  10:41  Missile Turret  
  180  10:42  Missile Turret  
  182  10:44  SCV x2  
  182  10:48  Siege Tank, Viking  
  189  10:57  Planetary Fortress  
  189  11:01  Marauder, Marine x3  
  189  11:03  Marine  
  195  11:05  Missile Turret  
  195  11:12  Marine  
  195  11:13  Marauder, Marine  
  195  11:17  Marine  
  200  11:18  Command Center  
  165  11:39  Marine x3  
  133  11:40  Marauder x2  
  133  11:42  Ghost x2  
  133  11:43  Marine x3  
  133  11:44  Marauder  
  136  11:50  SCV  
  136  11:51  SCV x2  
  139  11:55  Bunker  
  139  11:57  Marine x2  
  139  11:58  Terran Infantry Weapons Level 3  
  139  12:01  Marauder, SCV  
  142  12:08  Terran Infantry Armor Level 3  
  142  12:10  Marauder  
  142  12:11  Marine x2  
  142  12:14  SCV x2  
  142  12:15  SCV, Factory Reactor  
  149  12:17  Marauder, Marine x3  
  153  12:30  Marine x2  
  153  12:31  Marauder  
  153  12:33  SCV  
  153  12:36  Marauder x2  
  153  12:37  Marine x3  
  159  12:38  SCV  
  163  12:48  Command Center  
  163  12:49  Marauder x2, Marine x3  
  170  12:52  Marauder, Medivac x2  
  170  12:54  Marine  
  170  12:55  Missile Turret, Widow Mine  
  170  12:57  Widow Mine, Marine  
  170  12:58  Marine  
  183  13:12  Marine x2  
  175  13:13  Marauder  
  177  13:22  Marine x2  
  177  13:23  Marauder  
  179  13:27  Marine x2  
  179  13:28  Marauder  
  179  13:29  Widow Mine x2  
  179  13:31  Medivac x2  
  188  13:49  Marine x2  
  188  13:50  Marauder  
  188  13:52  Marine  
  188  13:53  Marauder, Marine  
  188  13:54  Widow Mine x2  
  164  14:06  Marauder, Marine x2  
  164  14:09  Liberator x2  
  150  14:10  Marine x2  
  150  14:11  Marauder  
  150  14:15  Widow Mine x2, Orbital Command  
  150  14:16  Planetary Fortress  
  164  14:18  Command Center  
  164  14:20  Refinery x2  
  164  14:21  Terran Ship Weapons Level 1, Fusion Core  
  164  14:22  Starport  
  164  14:23  SCV  
  164  14:24  SCV  
  166  14:26  Marine x2  
  166  14:27  Marauder  
  170  14:34  Marine x2  
  170  14:35  Marauder, Marine  
  175  14:38  Ghost  
  167  14:45  Marine  
  167  14:46  Marauder, Marine  
  167  14:50  SCV  
  167  14:51  SCV  
  173  14:55  Marauder x2, Marine x2  
  173  14:57  Marine  
  180  15:01  Marine  
  180  15:02  Marauder  
  180  15:03  Marine, Starport Reactor  
  184  15:08  Advanced Ballistics, Refinery  
  184  15:12  Widow Mine x2  
  188  15:20  Liberator x2  
  188  15:22  Marauder x3  
  194  15:29  Command Center  
  194  15:34  Marauder  
  194  15:35  Marauder  
  198  15:43  Marauder  
  196  15:57  Liberator  
  197  16:09  Planetary Fortress  
  173  16:12  Marine x2  
  173  16:13  Marauder x2, Marine  
  173  16:14  Liberator  
  173  16:15  Liberator  
  173  16:16  Liberator  
  173  16:17  Marauder x2, Marine x2  
  173  16:18  Widow Mine x2  
  181  16:25  Marine  
  160  16:26  Marauder  
  160  16:30  Marine x2  
  154  16:34  Marauder, Missile Turret, Marine x2  
  154  16:35  Marauder, Marine  
  154  16:36  Missile Turret  
  154  16:39  Marauder  
  163  16:41  Ghost  
  163  16:42  Liberator  
  163  16:46  Ghost  
  168  16:48  Widow Mine x2  
  168  16:53  Terran Ship Weapons Level 2, Orbital Command  
  168  16:54  Sensor Tower  
  172  17:06  Viking x2, Ghost  
  174  17:12  Ghost  
  174  17:14  Ghost  
  175  17:20  Marauder x2  
  175  17:22  SCV  
  180  17:25  Missile Turret  
  179  17:34  Ghost  
  174  17:40  Viking x2, Ghost  
  174  17:43  Viking  
  177  17:57  Marauder, Marine x2  
  152  18:07  Marine  
  152  18:08  Marauder x2  
  112  18:15  Marauder, Marine x3  
  112  18:16  Marine x2  
  112  18:19  Marauder  
  101  18:21  Liberator  
  101  18:22  Liberator  
  103  18:29  Marine  
  103  18:32  Marine  
  105  18:38  Marauder  
  105  18:40  Marauder  
  109  18:47  Marauder x2  
  109  18:48  Marine, Orbital Command  
  114  18:54  Marauder  
  116  19:00  Marauder  
  114  19:06  Marine  
  114  19:07  Marine  
  116  19:11  Marine  
  117  19:17  Marauder  
  117  19:19  Marauder  
  125  19:24  Marauder x2  
Show
View Real Time Build Order
Export as new Build Order

LiquidMaNa Protoss - Winner!

Build Orders: 1 Gate Expand, Oracle Opening, Blink Stalkers 

Get SALT Encoding   

  12  0:00  Probe  
  13  0:12  Probe  
  14  0:17  Pylon  
  14  0:24  Probe (Chrono Boost)  
  15  0:36  Gateway, Probe (Chrono Boost)  
  16  0:43  Probe (Chrono Boost)  
  16  0:47  Assimilator  
  17  0:51  Probe  
  18  1:03  Probe  
  19  1:15  Probe  
  20  1:23  Cybernetics Core  
  20  1:33  Nexus  
  20  1:39  Pylon  
  20  1:41  Probe  
  21  1:48  Assimilator  
  21  1:53  Probe  
  22  1:57  Adept (Chrono Boost)  
  24  2:05  Probe  
  25  2:17  Probe  
  25  2:18  Adept (Chrono Boost), Stargate  
  28  2:29  Probe  
  29  2:34  Warp Gate  
  29  2:42  Probe  
  30  2:46  Probe  
  31  2:54  Probe  
  32  2:59  Probe, Oracle (Chrono Boost)  
  36  3:06  Probe  
  36  3:11  Gateway, Probe  
  38  3:18  Probe  
  39  3:24  Twilight Council  
  39  3:25  Probe  
  40  3:30  Probe  
  41  3:37  Nexus  
  41  3:39  Probe  
  42  3:43  Probe  
  42  3:46  Pylon  
  42  3:51  Probe  
  42  3:52  Blink (Chrono Boost)  
  42  3:55  Probe  
  44  4:04  Probe  
  44  4:08  Probe  
  46  4:10  Assimilator  
  46  4:13  Assimilator  
  46  4:15  Phoenix (Chrono Boost)  
  46  4:16  Probe  
  49  4:20  Probe  
  49  4:23  Stalker x2  
  54  4:27  Pylon  
  54  4:32  Pylon  
  54  4:42  Shield Battery  
  54  4:45  Probe x2  
  56  4:47  Stalker x2  
  56  4:52  Probe  
  61  4:58  Probe x2  
  63  5:03  Gateway  
  63  5:05  Robotics Facility  
  63  5:11  Stalker  
  63  5:13  Stalker  
  67  5:15  Probe  
  67  5:17  Probe  
  67  5:18  Probe  
  70  5:27  Probe  
  71  5:29  Probe  
  71  5:30  Probe  
  73  5:36  Shield Battery  
  73  5:37  Sentry x2  
  73  5:39  Probe  
  73  5:41  Gateway, Probe  
  79  5:42  Gateway  
  79  5:46  Probe  
  77  5:51  Probe  
  77  5:53  Probe  
  77  5:54  Observer (Chrono Boost)  
  77  5:55  Robotics Bay  
  80  5:58  Probe  
  80  5:59  Shield Battery  
  80  6:03  Sentry  
  84  6:05  Sentry  
  84  6:07  Pylon  
  84  6:10  Pylon x2  
  85  6:11  Observer  
  85  6:21  Observer  
  85  6:25  Immortal (Chrono Boost), Probe  
  90  6:29  Stalker x3  
  96  6:33  Probe x2  
  96  6:39  Zealot x2  
  102  6:50  Observer  
  102  6:56  Stalker x2  
  102  6:58  Extended Thermal Lance  
  102  6:59  Probe x2  
  108  7:02  Pylon  
  108  7:03  Pylon  
  108  7:06  Assimilator  
  108  7:09  Forge x2  
  108  7:15  Robotics Facility  
  108  7:17  Colossus (Chrono Boost), Assimilator  
  108  7:20  Charge (Chrono Boost), Pylon  
  108  7:21  Zealot  
  108  7:22  Zealot x3  
  122  7:25  Probe  
  123  7:32  Zealot  
  123  7:33  Pylon  
  125  7:38  Protoss Ground Armor Level 1 (Chrono Boost), Protoss Ground Weapons Level 1 (Chrono Boost)  
  125  7:42  Probe x3  
  128  7:50  Zealot  
  130  7:53  Photon Cannon  
  128  8:02  Stalker x2, Colossus (Chrono Boost), Probe x2  
  140  8:18  Nexus  
  140  8:19  Pylon  
  140  8:24  Photon Cannon  
  140  8:25  Shield Battery  
  140  8:32  Dark Shrine  
  140  8:33  Observer  
  140  8:44  Pylon  
  140  8:46  Pylon  
  140  8:51  Photon Cannon  
  140  8:52  Pylon  
  140  8:53  Photon Cannon  
  140  8:56  Pylon  
  140  8:57  Nexus  
  140  8:58  Pylon  
  140  9:02  Disruptor x2, Shield Battery  
  146  9:05  Probe x3  
  146  9:09  Gateway  
  149  9:10  Gateway  
  149  9:12  Gateway  
  149  9:19  Observer  
  149  9:23  Photon Cannon x2  
  149  9:25  Shield Battery  
  149  9:28  Observer  
  149  9:36  Robotics Facility  
  149  9:37  Disruptor x2  
  155  9:46  Dark Templar x3  
  155  9:47  Dark Templar  
  157  10:06  Protoss Ground Armor Level 2 (Chrono Boost)  
  157  10:11  Nexus  
  157  10:13  Disruptor (Chrono Boost)  
  163  10:20  Colossus (Chrono Boost)  
  163  10:21  Pylon  
  163  10:24  Archon, Disruptor (Chrono Boost)  
  163  10:26  Protoss Ground Weapons Level 2 (Chrono Boost)  
  164  10:31  Dark Templar x2  
  164  10:34  Pylon  
  164  10:35  Zealot x2, Archon  
  166  10:36  Zealot  
  166  10:41  Pylon  
  166  10:42  Dark Templar x2  
  174  10:43  Zealot, Pylon  
  174  10:47  Archon  
  178  10:50  Probe  
  178  10:51  Photon Cannon, Probe x2  
  178  10:55  Photon Cannon  
  178  10:56  Shield Battery  
  179  11:06  Observer x2  
  180  11:15  Zealot x8  
  166  11:33  Disruptor (Chrono Boost)  
  123  11:42  Stalker x8  
  123  11:44  Disruptor x2 (Chrono Boost)  
  118  12:05  Disruptor (Chrono Boost)  
  121  12:10  Nexus  
  121  12:12  Disruptor  
  121  12:14  Observer  
  125  12:17  Zealot x3  
  125  12:18  Zealot x5  
  125  12:22  Assimilator  
  139  12:23  Assimilator  
  135  12:36  Observer  
  136  12:37  Disruptor  
  136  12:41  Probe x2  
  136  12:42  Assimilator  
  136  12:43  Pylon  
  141  12:48  Disruptor  
  141  12:49  Photon Cannon  
  141  12:51  Photon Cannon  
  144  12:53  Shield Battery  
  144  12:54  Stalker x2  
  144  12:57  Immortal  
  152  13:07  Stalker x5  
  161  13:13  Immortal  
  161  13:15  Protoss Ground Armor Level 3, Protoss Ground Weapons Level 3  
  165  13:28  Probe  
  165  13:29  Probe x3  
  169  13:47  Colossus (Chrono Boost)  
  169  13:48  Colossus (Chrono Boost)  
  167  14:00  Disruptor (Chrono Boost)  
  160  14:07  Stalker x4  
  160  14:08  Stalker x2  
  164  14:24  Sentry x2  
  164  14:26  Nexus  
  168  14:34  Colossus  
  168  14:35  Stalker x3  
  180  14:48  Stalker x3  
  186  14:53  Shield Battery  
  186  14:57  Pylon  
  186  15:01  Colossus  
  186  15:06  Observer  
  186  15:28  Void Ray (Chrono Boost), Observer x2  
  187  15:31  Gravitic Boosters  
  187  15:33  Stalker  
  187  15:34  Stalker x2  
  191  15:41  Zealot x3  
  195  16:24  Observer  
  193  16:37  Stalker x3  
  193  16:39  Observer  
  197  16:51  Shadow Stride (Chrono Boost)  
  197  16:56  Nexus  
  197  16:58  Pylon  
  192  17:24  Dark Templar  
  192  17:25  Dark Templar x3  
  200  17:37  Disruptor x2  
  188  17:41  Stalker x2  
  176  18:18  Stalker x7  
  172  18:28  Immortal x3  
  182  18:43  Observer  
  182  18:47  Dark Templar x4  
  182  18:48  Dark Templar x2  
  194  18:54  Observer  
  194  18:56  Observer  
  194  19:07  Observer x2  
  194  19:08  Immortal  
Tags
 
Add a new tag
Caveats
  • Supply blocks, unpowered buildings, or Contaminate may cause inaccurate times.
  • Supply counts are checked every 10 seconds.